 Dungeon Crawl Stone Soup version 0.28.0-1-gb440e238dd (webtiles) character file.

Game seed: 3382454450143256944

116 themarg the Fighter (level 5, 0/51 HPs)
             Began as a Gnoll Wanderer on Feb 19, 2022.
             Was a Believer of Trog.
             Slain by an orc (2 damage)
             ... on level 3 of the Dungeon.
             The game lasted 00:06:39 (2628 turns).

themarg the Fighter (Gnoll Wanderer)                Turns: 2628, Time: 00:06:39

Health: 0/51       AC:  4    Str: 17    XL:     5   Next: 1%
Magic:  9/9        EV: 11    Int:  9    God:    Trog [**....]
Gold:   76         SH:  0    Dex: 16    Spells: 10/10 levels left

rFire   . . .      SeeInvis .   a - +3 short sword
rCold   + . .      Faith    .   (no shield)
rNeg    . . .      Spirit   .   d - +0 leather armour
rPois   .          Reflect  .   (no helmet)
rElec   .          Harm     .   (no cloak)
rCorr   .          Rampage  .   (no gloves)
Will    .....                   b - +0 pair of boots
Stlth   ++........              (no amulet)
HPRegen 0.17/turn               g - +6 ring of strength
MPRegen 0.11/turn               l - ring of protection from cold

@: no status effects
A: fangs 1, strong nose, distributed training
a: Renounce Religion, Berserk, Trog's Hand


You were on level 3 of the Dungeon.
You worshipped Trog.
Trog was pleased with you.
You visited 1 branch of the dungeon, and saw 3 of its levels.

You collected 76 gold pieces.

Inventory:

Hand Weapons
 a - a +3 short sword (weapon)
 o - the +6 arbalest "Damnation" {damnation}
   (You found it on level 3 of the Dungeon)

   Any ammunition fired from it explodes in a burst of damnation on striking a
   foe, dealing damage which bypasses armour.
Missiles
 f - 135 stones (quivered)
 p - 6 poisoned darts
Armour
 b - a +0 pair of boots (worn)
 d - a +0 leather armour (worn)
Jewellery
 g - a +6 ring of strength (left hand)
 l - a ring of protection from cold (right hand)
Scrolls
 e - 2 scrolls of fear {unknown}
 i - 2 scrolls of amnesia {unknown}
 j - a scroll of noise {unknown}
 k - 2 scrolls of identify {unknown}
Potions
 c - a potion of might {unknown}
 h - 2 potions of curing
 m - a potion of degeneration {unknown}
 n - a potion of flight {unknown}


   Skills:
 + Level 8.6 Fighting
 + Level 4.7 Short Blades
 + Level 1.3 Long Blades
 + Level 1.3 Axes
 + Level 1.3 Maces & Flails
 + Level 1.3 Polearms
 + Level 1.3 Staves
 + Level 1.3 Slings
 + Level 1.3 Bows
 + Level 1.3 Crossbows
 + Level 1.3 Throwing
 + Level 4.7 Armour
 + Level 1.3 Dodging
 + Level 2.6 Stealth
 + Level 1.3 Shields
 + Level 1.3 Unarmed Combat
 + Level 3.1 Spellcasting
 + Level 1.0 Conjurations
 + Level 1.0 Hexes
 + Level 1.0 Summonings
 + Level 1.0 Necromancy
 + Level 1.0 Translocations
 + Level 1.0 Transmutations
 + Level 1.0 Fire Magic
 + Level 1.0 Ice Magic
 + Level 1.0 Air Magic
 + Level 1.0 Earth Magic
 + Level 1.0 Poison Magic
 + Level 1.4 Invocations
 + Level 1.3 Evocations


You had 10 spell levels left.
You didn't know any spells.
Your spell library was empty.

Dungeon Overview and Level Annotations

Branches:
Dungeon (3/15)

Altars:
Trog


Innate Abilities, Weirdness & Mutations

You have very sharp teeth.
Your uncanny sense of smell can sniff out nearby items.
Your experience applies equally to all skills.


Message History

* * * LOW HITPOINT WARNING * * *
The rat bites you but does no damage.
You bump into the rock wall.
The orc wizard closely misses you.
The orc wizard gestures at you while chanting.
The puff of flame hits you.
* * * LOW HITPOINT WARNING * * *
The rat bites you but does no damage.
You puncture the orc wizard!
You kill the orc wizard!
Trog accepts your kill.
Trog appreciates your killing of a magic user.
You can now call upon Trog for regeneration and willpower.
The orc wizard hits you but does no damage.
You have reached level 5!
Okay, then.
You bump into the rock wall.
The rat closely misses you.
The orc wizard points at you and mumbles some strange words.
You resist with some effort. The orc hits you with a +0 short sword.
* * * LOW HITPOINT WARNING * * *
You hit the rat.
You kill the rat!
Trog accepts your kill.
The orc wizard hits you with a +0 dagger.
* * * LOW HITPOINT WARNING * * *
The orc closely misses you.
You're too confused to move!
The orc wizard closely misses you. The orc hits you with a +0 short sword.
* * * LOW HITPOINT WARNING * * *
You barely miss the orc wizard.
The orc wizard hits you with a +0 dagger.
* * * LOW HITPOINT WARNING * * *
The orc misses you.
You bump into the rock wall.
You feel less confused. The orc wizard casts a spell at you.
You resist with some effort. The orc closely misses you.
You hit the orc wizard but do no damage.
The orc wizard hits you but does no damage.
The orc hits you with a +0 short sword.
You die...

.#.##.#.##.#.###..#>##
#.#†##.##.#.##.......#
##.#.###.#.##..#..##.#
##.#.#.#.######..##.###
##.#.#.## #.........#
##.#.## #.#..##.#.##
##.## #.#..<...... ###
#.#†###.#... #.#@# # #
#..oo# #.....o.
###....## ##.#.# #.#.#
..... ##.#.#


You could see an orc wizard and 2 orcs.

Vanquished Creatures
  An orc wizard (D:3)
  3 adders
  2 dart slugs
  5 orcs (D:3)
  8 endoplasms
  6 giant cockroaches
  4 goblins
  4 hobgoblins
  A kobold (D:2)
  A quokka (D:2)
  3 ball pythons
  4 bats
  7 frilled lizards (D:3)
  5 rats
54 creatures vanquished.

Vanquished Creatures (others)
  9 plants (D:3)
9 creatures vanquished.

Grand Total: 63 creatures vanquished

Notes
Turn   | Place    | Note
-------+----------+-------------------------------------------
     0 | D:1      | themarg the Gnoll Wanderer began the quest for the Orb.
     0 | D:1      | themarg set off with the following items: a +3 short sword,
                  | a +0 pair of boots, a +0 robe
     0 | D:1      | Reached XP level 1. HP: 26/26 MP: 4/4
   146 | D:1      | Reached XP level 2. HP: 33/33 MP: 5/5
   572 | D:1      | Found a faded altar of an unknown god.
   579 | D:1      | Prayed at the altar of an unknown god.
   579 | D:1      | Became a worshipper of Trog the Wrathful
   579 | D:1      | Reached * piety under Trog
   897 | D:2      | Reached XP level 3. HP: 32/38 MP: 7/7
  1093 | D:2      | Reached skill level 1 in Invocations
  1800 | D:2      | Reached skill level 1 in Long Blades
  1800 | D:2      | Reached skill level 1 in Axes
  1800 | D:2      | Reached skill level 1 in Maces & Flails
  1800 | D:2      | Reached skill level 1 in Polearms
  1800 | D:2      | Reached skill level 1 in Staves
  1800 | D:2      | Reached skill level 1 in Slings
  1800 | D:2      | Reached skill level 1 in Bows
  1800 | D:2      | Reached skill level 1 in Crossbows
  1800 | D:2      | Reached skill level 1 in Throwing
  1800 | D:2      | Reached skill level 1 in Dodging
  1800 | D:2      | Reached skill level 1 in Shields
  1800 | D:2      | Reached skill level 1 in Unarmed Combat
  1800 | D:2      | Reached skill level 1 in Evocations
  1800 | D:2      | Reached XP level 4. HP: 26/45 MP: 8/8
  2423 | D:3      | Found the +6 arbalest "Damnation" {damnation}
  2531 | D:3      | Reached skill level 1 in Conjurations
  2531 | D:3      | Reached skill level 1 in Hexes
  2531 | D:3      | Reached skill level 1 in Summonings
  2531 | D:3      | Reached skill level 1 in Necromancy
  2531 | D:3      | Reached skill level 1 in Translocations
  2531 | D:3      | Reached skill level 1 in Transmutations
  2531 | D:3      | Reached skill level 1 in Fire Magic
  2531 | D:3      | Reached skill level 1 in Ice Magic
  2531 | D:3      | Reached skill level 1 in Air Magic
  2531 | D:3      | Reached skill level 1 in Earth Magic
  2531 | D:3      | Reached skill level 1 in Poison Magic
  2622 | D:3      | Reached ** piety under Trog
  2623 | D:3      | Reached XP level 5. HP: 11/51 MP: 9/9
  2625 | D:3      | HP: 2/51 [orc (3)]
  2628 | D:3      | Slain by an orc

Illustrated notes

Levels and vault maps discovered:
D:1:      lemuel_arrival_behind_the_door_small, layout_loops_ring,
          hellmonk_ecumenical_altar_run_dry, minivault_27,
          hangedman_decor_growths
D:2:      layout_basic, serial_co_window_serial, co_window_paths_a,
          co_window_paths_b, co_window_paths_b, co_window_corner_a,
          co_window_paths_b, co_window_cross_1, co_window_corner_a,
          co_window_2corner, co_window_cross_3, co_window_corner_b,
          co_window_corner_b, co_window_paths_e, glass_columns_b,
          glass_columns_b, glass_columns_c, glass_columns_c
D:3:      minmay_inner_zag, layout_loops_ring, nzn_wu_jian_council_hall,
          minmay_lizard_king, uniq_crazy_yiuf_cottage

Skill      XL: |  1  2  3  4 |
---------------+-------------+-----
Invocations    | 1 |  1.4
Long Blades    | 1 |  1.3
Axes           | 1 |  1.3
Maces & Flails | 1 |  1.3
Polearms       | 1 |  1.3
Staves         | 1 |  1.3
Slings         | 1 |  1.3
Bows           | 1 |  1.3
Crossbows      | 1 |  1.3
Throwing       | 1 |  1.3
Dodging        | 1 |  1.3
Shields        | 1 |  1.3
Unarmed Combat | 1 |  1.3
Evocations     | 1 |  1.3
Spellcasting   | 3 |  3.1
Conjurations   | 1 |  1.0
Hexes          | 1 |  1.0
Summonings     | 1 |  1.0
Necromancy     | 1 |  1.0
Translocations | 1 |  1.0
Transmutations | 1 |  1.0
Fire Magic     | 1 |  1.0
Ice Magic      | 1 |  1.0
Air Magic      | 1 |  1.0
Earth Magic    | 1 |  1.0
Poison Magic   | 1 |  1.0
Fighting       | |  8.6
Short Blades   | |  4.7
Armour         | |  4.7
Stealth        | |  2.6

Action                   |  1- 3 |  4- 6 || total
-------------------------+-------+-------++-------
Melee: Short sword       |    81 |    61 ||   142
       Bite              |     7 |     5 ||    12
       Punch             |     1 |       ||     1
 Stab: Sleeping          |     4 |       ||     4
Armor: Robe              |     1 |       ||     1
       Leather armour    |    24 |    22 ||    46
Dodge: Dodged            |    34 |    45 ||    79
